 Dungeon Crawl Stone Soup version 0.25-a0-340-ga1faa1601d (webtiles) character file.

Game seed: 7006593154424608236, levelgen mode: deterministic

112 pk666 the Magician (level 4, 0/24 HPs)
             Began as a Deep Elf Wizard on Dec 29, 2019.
             Succumbed to a water moccasin's poison
             ... on level 3 of the Dungeon.
             The game lasted 00:04:17 (3371 turns).

pk666 the Magician (Deep Elf Wizard)                Turns: 3371, Time: 00:04:17

Health: 0/24       AC:  6    Str:  4    XL:     4   Next: 64%
Magic:  4/13       EV: 13    Int: 24    God:
Gold:   156        SH:  0    Dex: 13    Spells: 2/13 levels left

rFire    + . .     SeeInvis .   i - +0 dagger
rCold    . . .     Gourm    .   (no shield)
rNeg     . . .     Faith    .   a - +0 robe
rPois    .         Spirit   .   b - +0 hat
rElec    .         Reflect  .   (no cloak)
rCorr    .         Harm     .   (no gloves)
MR       .....                  (no boots)
Stlth    ++........             (no amulet)
HPRegen  0.08/turn              u - ring of protection from fire
MPRegen  0.13/turn              k - +4 ring of protection

@: lethally poisoned (0 -> -18)
A: no striking features
a: no special abilities


You were on level 3 of the Dungeon.
You were not hungry.

You visited 1 branch of the dungeon, and saw 3 of its levels.

You collected 156 gold pieces.

Inventory:

Hand Weapons
 i - a +0 dagger (weapon)
Armour
 a - a +0 robe (worn)
 b - a +0 hat (worn)
Jewellery
 f - an uncursed ring of ice
 k - a +4 ring of protection (right hand)
 q - a +2 ring of dexterity
 u - a ring of protection from fire (left hand)
Scrolls
 c - 4 scrolls of identify {unknown}
 e - 3 scrolls of enchant armour {unknown}
 g - 4 scrolls of remove curse {unknown}
 n - 2 scrolls of fear {unknown}
 o - a scroll of amnesia {unknown}
 r - 2 scrolls of teleportation {unknown}
 t - a scroll of noise {unknown}
Potions
 h - a potion of flight {unknown}
 j - a potion of brilliance {unknown}
 l - a potion of berserk rage {unknown}
 m - a potion of mutation {unknown}
 p - a potion of magic {unknown}
 s - a potion of haste {unknown}
Comestibles
 d - 11 rations


   Skills:
 - Level 3.6 Dodging
 - Level 2.4 Stealth
 + Level 5.4 Spellcasting
 + Level 2.8 Conjurations
 + Level 1.4 Summonings
 - Level 1.1 Translocations
 + Level 0.5 Fire Magic
 + Level 0.5 Air Magic
 + Level 0.8 Poison Magic


You had 2 spell levels left.
You knew the following spells:

 Your Spells              Type           Power        Failure   Level  Hunger
a - Magic Dart            Conj           ###.         2%          1    None
b - Blink                 Tloc           N/A          9%          2    None
c - Conjure Flame         Conj/Fire      ##......     13%         3    #......
d - Mephitic Cloud        Conj/Pois/Air  ##......     14%         3    #......
e - Call Imp              Summ           ##......     7%          2    None

Your spell library contained the following spells:

 Spells                   Type           Power        Failure   Level  Hunger
 Slow                     Hex            #.......     13%         2    None


Dungeon Overview and Level Annotations

Branches:
Dungeon (3/15)

Altars:
Zin

Shops:
D:2 *


Message History

The water moccasin poisons you! The water moccasin bites you.
* * * LOW HITPOINT WARNING * * *
Casting: Magic Dart (safe; 2% risk of failure)
Confirm with . or Enter, or press ? or * to list all spells.
Aiming: Magic Dart (safe; 2% risk of failure)
Press: ? - help, Shift-Dir - straight line, f/p - water moccasin
Aim: a water moccasin (severely wounded)
The magic dart hits the water moccasin.
The water moccasin is severely wounded.
* * * LOW HITPOINT WARNING * * *
You feel sick. The water moccasin bites you.
* * * LOW HITPOINT WARNING * * *
Casting: Magic Dart (safe; 2% risk of failure)
Confirm with . or Enter, or press ? or * to list all spells.
Aiming: Magic Dart (safe; 2% risk of failure)
Press: ? - help, Shift-Dir - straight line, f/p - water moccasin
Aim: a water moccasin (severely wounded)
The magic dart hits the water moccasin but does no damage.
The water moccasin is severely wounded.
You die...

####### #########.....#
......S.#.###.# ###
####@#.###.# ###### ..#
#.....รท.##.#####.....
#.# #.##.#...........####
#.#
#.###.##[#.....#...######
#.#
#........######.....##...
..# #####.####
##...###.## ..# ##.##
##.## #.# ..# ##...###
#.# #.# ..# #..#...# #.#
#.#


You could see a water moccasin.

Vanquished Creatures
  2 adders
  2 worms (D:3)
  3 dart slugs
  A leopard gecko (D:2)
  4 orcs (D:3)
  A ball python (D:1)
  4 giant cockroaches
  4 goblins
  8 hobgoblins
  4 jackals (D:1)
  2 quokkas
  11 bats
  5 frilled lizards
  4 kobolds
  25 rats
80 creatures vanquished.

Notes
Turn   | Place    | Note
-------+----------+-------------------------------------------
     0 | D:1      | pk666 the Deep Elf Wizard began the quest for the Orb.
     0 | D:1      | Reached XP level 1. HP: 10/10 MP: 7/7
   247 | D:1      | Reached XP level 2. HP: 15/15 MP: 6/9
   805 | D:1      | Reached XP level 3. HP: 19/19 MP: 7/11
   809 | D:1      | Learned a level 2 spell: Blink
   813 | D:1      | Learned a level 3 spell: Conjure Flame
   817 | D:1      | Learned a level 3 spell: Mephitic Cloud
   820 | D:1      | Learned a level 2 spell: Call Imp
   934 | D:2      | Reached skill level 5 in Spellcasting
  1559 | D:2      | Found Zin's Purification Station.
  1559 | D:2      | Found a glowing silver altar of Zin.
  2085 | D:2      | Reached XP level 4. HP: 24/24 MP: 10/13
  3361 | D:3      | Noticed a water moccasin
  3370 | D:3      | HP: 1/24 [water moccasin (2)]
  3371 | D:3      | Succumbed to a water moccasin's poison

Levels and vault maps discovered:
D:1:      dpeg_arrival_shrine, layout_basic
D:2:      minmay_wonky_spiral, layout_basic, zin_purify
D:3:      layout_loops_corners, minmay_rat_hole

Skill      XL: |  1  2  3 |
---------------+----------+-----
Dodging        | 3 |  3.6
Conjurations   | 2 |  2.8
Spellcasting   | 5 |  5.4
Stealth        | |  2.4
Summonings     | |  1.4
Translocations | |  1.1
Fire Magic     | |  0.5
Air Magic      | |  0.5
Poison Magic   | |  0.8

Action                   |  1- 3 |  4- 6 || total
-------------------------+-------+-------++-------
Melee: Dagger            |       |    10 ||    10
 Cast: Magic Dart        |   100 |    73 ||   173
  Eat: Chunk             |     3 |     4 ||     7
Armor: Robe              |     5 |     2 ||     7
Dodge: Dodged            |    30 |    22 ||    52

Table legend:
 A = Non-vault XP
 B = Vault XP
 C = Vault XP percentage of total XP
 D = Non-vault monster count
 E = Vault monster count
 F = Vault count percentage of total count
                 A         B        C        D         E       F
            +---------+---------+-------+---------+---------+-------
      Total |     133 |      28 |  17.4 |      59 |      21 |  26.2
            +---------+---------+-------+---------+---------+-------
        D:1 |      41 |       0 |   0.0 |      25 |       0 |   0.0
        D:2 |      48 |       8 |  14.3 |      21 |       2 |   8.7
        D:3 |      44 |      20 |  31.2 |      13 |      19 |  59.4
            +---------+---------+-------+---------+---------+-------
